 Dungeon Crawl Stone Soup version 0.29.1-15-g9cfb28693d (webtiles) character file.

Game seed: 16741382819901699573

46 booth the Chopper (level 3, -8/28 HPs)
             Began as a Demonspawn Gladiator on Apr 25, 2023.
             Was a Follower of Okawaru.
             Mangled by a gnoll
             ... wielding a +0 flail
              (12 damage)
             ... on level 2 of the Dungeon.
             The game lasted 00:06:29 (1145 turns).

booth the Chopper (Demonspawn Gladiator)            Turns: 1145, Time: 00:06:30

Health: -8/28      AC:  3    Str: 16    XL:     3   Next: 46%
Magic:  3/3        EV: 12    Int:  9    God:    Okawaru [*.....]
Gold:   77         SH:  0    Dex: 14    Spells: 2/2 levels left

rFire   . . .      SeeInvis .   n - +2 mace (venom)
rCold   . . .      Faith    .   (no shield)
rNeg    . . .      Spirit   .   b - +0 leather armour
rPois   .          Reflect  .   (helmet restricted)
rElec   .          Harm     .   (no cloak)
rCorr   .          Rampage  .   (no gloves)
Will    .....                   (no boots)
Stlth   +.........              (no amulet)
HPRegen 0.09/turn               (no ring)
MPRegen 0.08/turn               (no ring)

@: no status effects
A: antennae 1, sturdy frame 1
a: Renounce Religion, Heroism


You were on level 2 of the Dungeon.
You worshipped Okawaru.
Okawaru was aware of your devotion.
You visited 1 branch of the dungeon, and saw 2 of its levels.

You collected 77 gold pieces.

Inventory:

Hand Weapons
 a - a +0 war axe
 h - a +0 short sword of draining
 n - a +2 mace of venom (weapon)
Missiles
 d - 3 throwing nets (quivered)
 e - a javelin
Armour
 b - a +0 leather armour (worn)
 c - a +0 helmet
Jewellery
 g - a +6 ring of intelligence
Scrolls
 j - a scroll of teleportation {unknown}
 k - a scroll of vulnerability {unknown}
 o - a scroll of butterflies {unknown}
Potions
 f - a potion of mutation
 i - 2 potions of attraction {unknown}
 l - a potion of invisibility {unknown}
 m - a potion of curing {unknown}


   Skills:
 + Level 2.5 Fighting
 * Level 3.3 Axes
 + Level 2.2 Throwing
 + Level 3.0 Dodging


You had 2 spell levels left.
You didn't know any spells.
Your spell library was empty.

Dungeon Overview and Level Annotations

Branches:
Dungeon (2/15)

Altars:
Okawaru


Innate Abilities, Weirdness & Mutations

You have a pair of small antennae on your head.
Your movements are slightly less encumbered by armour. (ER -2)


Message History

o - a scroll labelled SAX GOL LEM You now have 77 gold pieces (gained 12).
Found a stone staircase leading down.
You open the door.
A gnoll and 2 jackals come into view.
The jackal barks! x2
You closely miss the jackal. The jackal barely misses you.
The jackal closely misses you.
You closely miss the jackal. The jackal barely misses you.
You hit the jackal.
The jackal is poisoned.
The jackal is heavily wounded.
The jackal bites you.
The jackal bites you but does no damage.
You closely miss the jackal.
The jackal is heavily wounded.
The jackal closely misses you. The jackal misses you.
You hit the jackal.
The jackal looks as sick as possible!
The jackal is severely wounded.
You kill the jackal!
Okawaru accepts your kill. The jackal closely misses you.
You closely miss the jackal.
The jackal bites you but does no damage. x2
You miss the jackal. The jackal closely misses you.
The jackal barely misses you.
You hit the jackal but do no damage.
The jackal is poisoned.
The jackal bites you. The jackal misses you.
You hit the jackal.
You kill the jackal!
Okawaru accepts your kill.
You barely miss the gnoll. The gnoll closely misses you.
You closely miss the gnoll. The gnoll barely misses you.
The gnoll hits you with a +0 flail!
You hit the gnoll but do no damage.
The gnoll is poisoned.
The gnoll hits you with a +0 flail!
* * * LOW HITPOINT WARNING * * *
You barely miss the gnoll.
The gnoll is lightly wounded.
The gnoll hits you with a +0 flail!
You die...

#############
#####...........#
+...#...........#
#...#...........##
+.. #.............
####'###...........†#
#..PgP....#.....###.#
#...@.....#.#.##....#
#.........#..........
#######.#####.##.####
#... ...#....
#>.............
#.#####.####### #.#
#.# #.# #.# #.# #.#


You could see a gnoll (very poisoned).

Vanquished Creatures
  2 dart slugs (D:1)
  A ball python (D:1)
  5 endoplasms
  3 giant cockroaches
  4 goblins (D:1)
  4 hobgoblins (D:1)
  2 jackals (D:2)
  3 kobolds (D:1)
  A quokka (D:1)
  5 bats (D:1)
  3 frilled lizards
  6 rats
39 creatures vanquished.

Vanquished Creatures (others)
  A plant (D:1)
1 creature vanquished.

Grand Total: 40 creatures vanquished

Notes
Turn   | Place    | Note
-------+----------+-------------------------------------------
     0 | D:1      | booth the Demonspawn Gladiator began the quest for the Orb.
     0 | D:1      | Reached XP level 1. HP: 16/16 MP: 1/1
   167 | D:1      | Gained mutation: Your movements are slightly less
                  | encumbered by armour. (ER -2) [demonic ancestry]
   167 | D:1      | Reached XP level 2. HP: 18/22 MP: 2/2
   320 | D:1      | Found a faded altar of an unknown god.
   330 | D:1      | Prayed at the altar of an unknown god.
   330 | D:1      | Became a worshipper of Warmaster Okawaru
   330 | D:1      | Reached * piety under Okawaru
   622 | D:1      | Gained mutation: You have a pair of small antennae on your
                  | head. [demonic ancestry]
   622 | D:1      | Reached XP level 3. HP: 28/28 MP: 3/3
  1145 | D:2      | Mangled by a gnoll

Illustrated notes

Levels and vault maps discovered:
D:1:      matt_arrival_grand_opening, layout_basic,
          chequers_ecumenical_altar_lobes
D:2:      layout_basic, amcnicky_mini_rare_corridor_liquid,
          chequers_serial_rivers_room_b, cheibrodos_gnoll_hut

Skill      XL: |  1  2  3 |
---------------+----------+-----
Axes           | 3 |  3.3
Throwing       | 2 |  2.2
Dodging        | 3 |  3.0
Fighting       | |  2.5

Action                   || total
-------------------------++-------
Melee: Short sword       ||    60
       War axe           ||     1
       Mace              ||    55
  Use: Scroll            ||     1
 Stab: Sleeping          ||     2
Armor: Leather armour    ||    43
Dodge: Dodged            ||    81
